FL
JOLIET SLAMMERS @ NEW JERSEY JACKALS
06/24/2072
 
TOP OF THE 1ST
Evansville Otters batting - Pitching for Quebec Capitales : RHP Brock Knoten
Pitching: RHP Brock Knoten
Batting: RHB Kevin Anderson 0-0: Ball
1-0: Ball
2-0: Ball
3-0: Called Strike
3-1: Foul Ball, location: 2F
3-2: Base on Balls
Batting: LHB Oscar Ortiz 0-0: Ball
1-0: Ball
2-0: Ball
3-0: Swinging Strike
3-1: Base on Balls
Kevin Anderson to second
Batting: RHB Jon Montoya 0-0: Ball
Oscar Ortiz steals 2nd base
Kevin Anderson steals 3rd base
1-0: Called Strike
1-1: Ground out 4-3 (Groundball, 4MS, EV 94.4 MPH)
Kevin Anderson scores
Oscar Ortiz to third
Batting: RHB Nate Young 0-0: Called Strike
0-1: Ground out 6-3 (Groundball, 6, EV 83.1 MPH)
Oscar Ortiz scores
Batting: LHB Scott Yost 0-0: Called Strike
0-1: Foul Ball, location: 2F
0-2: Ball
1-2: Foul Ball, location: 2F
1-2: Ball
2-2: Foul Ball, location: 2F
2-2: Ball
3-2: Foul Ball, location: 2F
3-2: Hit by Pitch
Batting: RHB Carlos Magallon 0-0: Called Strike
0-1: Fielders Choice at 2nd, 6-4 (Groundball, 56, EV 109.4 MPH)
Top of the 1st over - 2 runs, 0 hits, 0 errors, 1 left on base; Evansville 2 - Quebec 0
BOTTOM OF THE 1ST
Quebec Capitales batting - Pitching for Evansville Otters : RHP Matt Cronin
Pitching: RHP Matt Cronin
Batting: RHB Izzy Ortiz 0-0: Called Strike
0-1: SINGLE (Groundball, 4MD, EV 105.6 MPH)
Batting: RHB Tony Padilla 0-0: Ball
1-0: Swinging Strike
1-1: Ball
Izzy Ortiz steals 2nd base
2-1: Ball
3-1: Swinging Strike
3-2: Fly out, F9 (Flyball, 9LD, EV 106.2 MPH)
Runner from 2nd tags up, SAFE at 3rd, no throw by RF
Batting: SHB Andrew Osborne 0-0: Swinging Strike
0-1: Ground out 2-3 (Groundball, 15S, EV 67.5 MPH)
Batting: RHB Sergio Gomez 0-0: Foul Ball, location: 2F
0-1: Fly out, F8 (Flyball, 8RXD, EV 97.5 MPH)
Bottom of the 1st over - 0 runs, 1 hit, 0 errors, 1 left on base; Evansville 2 - Quebec 0
TOP OF THE 2ND
Evansville Otters batting - Pitching for Quebec Capitales : RHP Brock Knoten
Batting: RHB Mark Martin 0-0: Ball
1-0: Ball
2-0: Ball
3-0: Called Strike
3-1: Base on Balls
Batting: RHB Roberto Quinones 0-0: Fly out, F7 (Flyball, 7, EV 88.8 MPH)
Batting: RHB Jay Carp 0-0: Swinging Strike
0-1: Ball
1-1: Called Strike
1-2: Strikes out swinging
Batting: RHB Kevin Anderson 0-0: Foul Ball, location: 2F
0-1: Called Strike
0-2: Strikes out swinging
Top of the 2nd over - 0 runs, 0 hits, 0 errors, 1 left on base; Evansville 2 - Quebec 0
BOTTOM OF THE 2ND
Quebec Capitales batting - Pitching for Evansville Otters : RHP Matt Cronin
Batting: LHB Daniel Navarrete 0-0: Ball
1-0: DOUBLE (Flyball, 8RXD, EV 102.5 MPH)
Batting: RHB Tony Ramirez 0-0: Ball
1-0: Fly out, F7 (Flyball, 7LM, EV 79.4 MPH)
Batting: RHB Will Wendt 0-0: Swinging Strike
0-1: Fly out, F5 (Popup, 56S, EV 90.6 MPH)
Batting: SHB Junshi Anabuki 0-0: Swinging Strike
0-1: Called Strike
0-2: Ball
1-2: Foul Ball, location: 2F
1-2: Ball
2-2: Foul Ball, location: 2F
2-2: Ball
3-2: Foul Ball, location: 2F
3-2: Strikes out swinging
Bottom of the 2nd over - 0 runs, 1 hit, 0 errors, 1 left on base; Evansville 2 - Quebec 0
TOP OF THE 3RD
Evansville Otters batting - Pitching for Quebec Capitales : RHP Brock Knoten
Batting: LHB Oscar Ortiz 0-0: Ball
1-0: Called Strike
1-1: Ball
2-1: Foul Ball, location: 2F
2-2: Ball
3-2: Foul Ball, location: 2F
3-2: Ground out 4-3 (Groundball, 4M, EV 99.4 MPH)
Batting: RHB Jon Montoya 0-0: Called Strike
0-1: Ball
1-1: Ground out U3 (Groundball, 3S, EV 86.9 MPH)
Batting: RHB Nate Young 0-0: Called Strike
0-1: Ball
1-1: Foul Ball, location: 2F
1-2: Foul Ball, location: 2F
1-2: Strikes out swinging
Top of the 3rd over - 0 runs, 0 hits, 0 errors, 0 left on base; Evansville 2 - Quebec 0
BOTTOM OF THE 3RD
Quebec Capitales batting - Pitching for Evansville Otters : RHP Matt Cronin
Batting: RHB Garrett Klettke 0-0: Called Strike
0-1: Ball
1-1: Foul Ball, location: 2F
1-2: Ball
2-2: Foul Ball, location: 2F
2-2: SINGLE (Groundball, 34D, EV 105.0 MPH)
Batting: RHB Izzy Ortiz 0-0: Called Strike
0-1: Ball
1-1: Ball
2-1: Ball
3-1: Base on Balls
Garrett Klettke to second
Batting: RHB Tony Padilla 0-0: Called Strike
0-1: Foul Ball, location: 2F
0-2: Ball
Passed Ball!
Garrett Klettke to third
Izzy Ortiz to second
1-2: Ball
2-2: Foul Ball, location: 2F
2-2: Fly out, F3 (Popup, 34, EV 80.0 MPH)
Batting: SHB Andrew Osborne 0-0: SINGLE (Popup, 6D, EV 66.9 MPH)
Garrett Klettke scores
Izzy Ortiz to third
Batting: RHB Sergio Gomez 0-0: Ball
1-0: Fly out, F9 (Flyball, 89S, EV 78.1 MPH)
Batting: LHB Daniel Navarrete 0-0: Ball
1-0: Ball
2-0: Swinging Strike
2-1: Ball
3-1: Swinging Strike
3-2: TRIPLE (Flyball, 9LD, EV 90.0 MPH)
Izzy Ortiz scores
Andrew Osborne scores
Batting: RHB Tony Ramirez 0-0: Ball
1-0: Ball
2-0: Called Strike
2-1: Called Strike
2-2: Fly out, F7 (Flyball, 7D, EV 95.0 MPH)
Bottom of the 3rd over - 3 runs, 3 hits, 0 errors, 1 left on base; Evansville 2 - Quebec 3
TOP OF THE 4TH
Evansville Otters batting - Pitching for Quebec Capitales : RHP Brock Knoten
Batting: LHB Scott Yost 0-0: Foul Ball, location: 2F
0-1: Ball
1-1: Ball
2-1: Foul Ball, location: 2F
2-2: Foul Ball, location: 2F
2-2: Ball
3-2: Base on Balls
Batting: RHB Carlos Magallon 0-0: Called Strike
0-1: Foul Ball, location: 2F
0-2: DOUBLE (Groundball, 3L, EV 110.0 MPH)
Scott Yost to third
Batting: RHB Mark Martin 0-0: Ball
1-0: Fly out, F8 (Flyball, 8LD, EV 83.1 MPH)
Runner from 3rd tags up, SCORES, throw by CF
Carlos Magallon to third
Batting: RHB Roberto Quinones 0-0: Ball
1-0: Called Strike
1-1: Fly out, F8 (Flyball, 8RM, EV 90.6 MPH)
Runner from 3rd tags up, SCORES, throw by CF
Batting: RHB Jay Carp 0-0: Fly out, F8 (Flyball, 8LM, EV 90.6 MPH)
Top of the 4th over - 2 runs, 1 hit, 0 errors, 0 left on base; Evansville 4 - Quebec 3
BOTTOM OF THE 4TH
Quebec Capitales batting - Pitching for Evansville Otters : RHP Matt Cronin
Batting: RHB Will Wendt 0-0: Ball
1-0: Foul Ball, location: 2F
1-1: Ball
2-1: Fly out, F4 (Popup, 23, EV 86.2 MPH)
Batting: SHB Junshi Anabuki 0-0: Ball
1-0: Called Strike
1-1: Ball
2-1: Ball
3-1: Ground out 6-3 (Groundball, 6, EV 103.1 MPH)
Batting: RHB Garrett Klettke 0-0: Ball
1-0: Foul Ball, location: 2F
1-1: Ball
2-1: Ground out 4-3 (Groundball, 4, EV 103.8 MPH)
Bottom of the 4th over - 0 runs, 0 hits, 0 errors, 0 left on base; Evansville 4 - Quebec 3
TOP OF THE 5TH
Evansville Otters batting - Pitching for Quebec Capitales : RHP Brock Knoten
Batting: RHB Kevin Anderson 0-0: Called Strike
0-1: Ball
1-1: DOUBLE (Line Drive, 9LM, EV 105.6 MPH)
Batting: LHB Oscar Ortiz 0-0: SINGLE (Line Drive, 7S, EV 98.1 MPH)
Kevin Anderson to third
Batting: RHB Jon Montoya 0-0: Ball
1-0: Fly out, F4 (Popup, 4D, EV 69.4 MPH)
Batting: RHB Nate Young 0-0: Called Strike
0-1: Called Strike
0-2: Ball
1-2: Foul Ball, location: 2F
1-2: Foul Ball, location: 2F
1-2: Ball
2-2: Ball
3-2: Fly out, F6 (Popup, 4MD, EV 62.5 MPH)
Batting: LHB Scott Yost 0-0: Called Strike
0-1: Ball
1-1: Ball
2-1: Ball
3-1: Base on Balls
Oscar Ortiz to second
Batting: RHB Carlos Magallon 0-0: Foul Ball, location: 2F
0-1: Fly out, F8 (Flyball, 89M, EV 83.1 MPH)
Top of the 5th over - 0 runs, 2 hits, 0 errors, 3 left on base; Evansville 4 - Quebec 3
BOTTOM OF THE 5TH
Quebec Capitales batting - Pitching for Evansville Otters : RHP Matt Cronin
Batting: RHB Izzy Ortiz 0-0: Ball
1-0: Ball
2-0: Called Strike
2-1: Foul Ball, location: 2F
2-2: Ball
3-2: Ground out 6-3 (Groundball, 6, EV 85.6 MPH)
Batting: RHB Tony Padilla 0-0: Called Strike
0-1: Ball
1-1: Foul Ball, location: 2F
1-2: Ball
2-2: Ball
3-2: Foul Ball, location: 2F
3-2: Base on Balls
Batting: SHB Andrew Osborne 0-0: Ball
1-0: Called Strike
1-1: Ball
2-1: Foul Ball, location: 2F
2-2: Foul Ball, location: 2F
2-2: Fly out, F8 (Flyball, 8LD, EV 86.2 MPH)
Runner from 1st tags up, SAFE at 2nd
Batting: RHB Sergio Gomez 0-0: Ball
1-0: Called Strike
1-1: Called Strike
1-2: Foul Ball, location: 2F
1-2: Ball
2-2: Foul Ball, location: 2F
2-2: Foul Ball, location: 2F
2-2: DOUBLE (Flyball, 89D, EV 106.9 MPH)
Tony Padilla scores
Pitching: RHP Andrew Fernandez
Batting: LHB Daniel Navarrete 0-0: Ground out 3-1 (Groundball, 34S, EV 88.1 MPH)
Bottom of the 5th over - 1 run, 1 hit, 0 errors, 1 left on base; Evansville 4 - Quebec 4
TOP OF THE 6TH
Evansville Otters batting - Pitching for Quebec Capitales : RHP Brock Knoten
Batting: RHB Mark Martin 0-0: Foul Ball, location: 2F
0-1: Foul Ball, location: 2F
0-2: SINGLE (Groundball, 4MD, EV 107.5 MPH)
Pitching: RHP Frank Moscatiello
Batting: RHB Roberto Quinones 0-0: Ball
1-0: DOUBLE (Line Drive, 7LS, EV 112.5 MPH)
Mark Martin to third
Runner from 3rd tries for Home, SAFE, no throw by LF
Batting: RHB Jay Carp 0-0: Ball
1-0: Ball
2-0: Fly out, F8 (Flyball, 8RXD, EV 93.8 MPH)
Runner from 2nd tags up, SAFE at 3rd, no throw by CF
Batting: RHB Kevin Anderson 0-0: Ball
1-0: Ball
2-0: Ground out 6-3 (Groundball, 6, EV 84.4 MPH)
Batting: LHB Oscar Ortiz 0-0: Called Strike
Balk!
Roberto Quinones scores
0-1: Ball
1-1: Called Strike
1-2: Foul Ball, location: 2F
1-2: Foul Ball, location: 2F
1-2: Foul Ball, location: 2F
1-2: Strikes out swinging
Top of the 6th over - 2 runs, 2 hits, 0 errors, 0 left on base; Evansville 6 - Quebec 4
BOTTOM OF THE 6TH
Quebec Capitales batting - Pitching for Evansville Otters : RHP Andrew Fernandez
Batting: RHB Tony Ramirez 0-0: Called Strike
0-1: Ball
1-1: Ball
2-1: Foul Ball, location: 2F
2-2: Foul Ball, location: 2F
2-2: SOLO HOME RUN (Flyball, 7LD, EV 110.6 MPH), Distance : 348 ft
Batting: RHB Will Wendt 0-0: Ball
1-0: Ground out 4-3 (Groundball, 4, EV 104.4 MPH)
Batting: SHB Junshi Anabuki 0-0: Ball
1-0: Ball
2-0: SOLO HOME RUN (Flyball, 89XD, EV 97.5 MPH), Distance : 411 ft
Batting: RHB Garrett Klettke 0-0: Foul Ball, location: 2F
0-1: Ball
1-1: Ball
2-1: Swinging Strike
2-2: Ball
3-2: Ground out 5-3 (Groundball, 56S, EV 76.2 MPH)
Batting: RHB Izzy Ortiz 0-0: Foul Ball, location: 2F
0-1: Ball
1-1: Ball
2-1: Ball
3-1: SINGLE (Groundball, 6M, EV 101.9 MPH) (infield hit)
Batting: RHB Tony Padilla 0-0: Ball
1-0: Ball
2-0: Called Strike
2-1: Foul Ball, location: 2F
2-2: Foul Ball, location: 2F
2-2: SINGLE (Flyball, 9LS, EV 86.9 MPH)
Izzy Ortiz to second
Runner from 2nd tries for 3rd, SAFE, no throw by RF
Batting: SHB Andrew Osborne 0-0: Ground out U3 (Groundball, 34, EV 80.6 MPH)
Bottom of the 6th over - 2 runs, 4 hits, 0 errors, 2 left on base; Evansville 6 - Quebec 6
TOP OF THE 7TH
Evansville Otters batting - Pitching for Quebec Capitales : RHP Frank Moscatiello
Batting: RHB Jon Montoya 0-0: Called Strike
0-1: Ball
1-1: Ball
2-1: SINGLE (Groundball, 4MD, EV 106.2 MPH)
Batting: RHB Nate Young 0-0: Ball
1-0: Foul Ball, location: 2F
1-1: Grounds into double play, 1-4-3 (Groundball, 15S, EV 66.9 MPH)
Batting: LHB Scott Yost 0-0: Ball
1-0: Called Strike
1-1: Ball
2-1: Fly out, F9 (Flyball, 9, EV 85.6 MPH)
Top of the 7th over - 0 runs, 1 hit, 0 errors, 0 left on base; Evansville 6 - Quebec 6
BOTTOM OF THE 7TH
Quebec Capitales batting - Pitching for Evansville Otters : RHP Andrew Fernandez
Batting: RHB Sergio Gomez 0-0: Ball
1-0: SOLO HOME RUN (Flyball, 78XD, EV 96.2 MPH), Distance : 428 ft
Pitching: RHP Trace Norkus
Batting: LHB Daniel Navarrete 0-0: Called Strike
0-1: Ground out 2-3 (Groundball, 2R, EV 65.6 MPH)
Batting: RHB Tony Ramirez 0-0: Foul Ball, location: 2F
0-1: SINGLE (Line Drive, 56, EV 95.6 MPH)
Batting: RHB Will Wendt 0-0: Ball
1-0: Called Strike
1-1: Ball
2-1: Called Strike
2-2: Foul Ball, location: 2F
2-2: Strikes out swinging
Batting: SHB Junshi Anabuki 0-0: Ball
1-0: Foul Ball, location: 2F
1-1: Swinging Strike
1-2: 2-RUN HOME RUN (Flyball, 9D, EV 91.2 MPH), Distance : 356 ft
Batting: RHB Garrett Klettke 0-0: Swinging Strike
0-1: Ball
1-1: Called Strike
1-2: Ball
2-2: Strikes out looking
Bottom of the 7th over - 3 runs, 3 hits, 0 errors, 0 left on base; Evansville 6 - Quebec 9
TOP OF THE 8TH
Evansville Otters batting - Pitching for Quebec Capitales : RHP Frank Moscatiello
Now in RF: Fernando Forero
Batting: RHB Carlos Magallon 0-0: Foul Ball, location: 2F
0-1: Ball
1-1: Ground out 5-3 (Groundball, 5L, EV 101.9 MPH)
Batting: RHB Mark Martin 0-0: Ball
1-0: Foul Ball, location: 2F
1-1: Ball
2-1: Ball
3-1: Base on Balls
Batting: RHB Roberto Quinones 0-0: Ball
1-0: Called Strike
1-1: Ball
2-1: Ball
3-1: Called Strike
3-2: DOUBLE (Line Drive, 89D, EV 109.4 MPH)
Mark Martin to third
Batting: RHB Jay Carp 0-0: Ball
1-0: Ground out 6-3 (Groundball, 6, EV 88.1 MPH)
Mark Martin scores
Roberto Quinones to third
Batting: RHB Kevin Anderson 0-0: Ball
Wild Pitch!
Roberto Quinones scores
1-0: Ball
2-0: Ball
3-0: Swinging Strike
3-1: Base on Balls
Pitching: RHP Sean Cruz
Batting: LHB Oscar Ortiz 0-0: Ball
1-0: Ground out U3 (Groundball, 3, EV 103.8 MPH)
Top of the 8th over - 2 runs, 1 hit, 0 errors, 1 left on base; Evansville 8 - Quebec 9
BOTTOM OF THE 8TH
Quebec Capitales batting - Pitching for Evansville Otters : RHP Trace Norkus
Batting: RHB Izzy Ortiz 0-0: Ball
1-0: Ball
2-0: Ball
3-0: Base on Balls
Batting: RHB Tony Padilla 0-0: Called Strike
0-1: Ball
1-1: Called Strike
1-2: Foul Ball, location: 2F
1-2: Grounds into double play, 5-4-3 (Groundball, 56, EV 101.9 MPH)
Batting: SHB Andrew Osborne 0-0: Ball
1-0: Called Strike
1-1: Ball
2-1: Called Strike
2-2: Strikes out swinging
Bottom of the 8th over - 0 runs, 0 hits, 0 errors, 0 left on base; Evansville 8 - Quebec 9
TOP OF THE 9TH
Evansville Otters batting - Pitching for Quebec Capitales : RHP Sean Cruz
Pitching: RHP Samuel Adames
Batting: RHB Jon Montoya 0-0: Ball
1-0: Ball
2-0: Fly out, F8 (Flyball, 8RXD, EV 90.6 MPH)
Batting: RHB Nate Young 0-0: Ball
1-0: Ball
2-0: Ball
3-0: Base on Balls
Batting: LHB Scott Yost 0-0: Ball
1-0: Ball
2-0: Foul Ball, location: 2F
2-1: Foul Ball, location: 2F
2-2: DOUBLE (Line Drive, 78M, EV 104.4 MPH)
Nate Young to third
Batting: RHB Carlos Magallon 0-0: Called Strike
0-1: Fly out, F5 (Popup, 5SF, EV 73.8 MPH)
Batting: RHB Mark Martin 0-0: Called Strike
0-1: Swinging Strike
0-2: Strikes out looking
Top of the 9th over - 0 runs, 1 hit, 0 errors, 2 left on base; Evansville 8 - Quebec 9
Monday, October 25th , 2021 - OOTP Baseball 22.10 Build 79